[Event "Team 45 45 League T53"]
[Site "Internet Chess Club"]
[Date "2012.05.27"]
[Round "2"]
[White "Uwak"]
[Black "chiiwen"]
[Result "1-0"]
[WhiteElo "2475"]
[BlackElo "2173"]
[Opening "Sicilian: wing gambit"]
[ECO "B20"]
[Time "12:02:45"]
[TimeControl "2700+45"]

1. e4 c5 2. b4 cxb4 3. Nf3 d5 4. exd5 Qxd5 5. a3 e5 6. axb4 Bxb4 7. c3 Bd6 8.
Na3 Nc6 9. Bc4 Qe4+ 10. Kf1 h6 11. d4 Nge7 12. d5 Bxa3 13. Nd2 Qg6 14. Bxa3 Nxd5
15. Bxd5 Qd3+ 16. Qe2 Qxd5 17. Nc4 Be6 18. Nd6+ Ke7 19. c4 Qxd6 20. Bxd6+ Kxd6
21. f3 f6 22. Kf2 Kc7 23. c5 Rhd8 24. Rhd1 Bd5 25. Rab1 Rd7 26. Qb5 Rb8 27. Rd2
Kc8 28. Rbd1 Nd4 29. Qb2 Bc6 30. Qa3 Ra8 31. f4 Re7 32. Re1 Kd7 33. Qh3+ Ke8 34.
Qh4 Nb3 35. Rd6 Nxc5 36. fxe5 fxe5 37. Qc4 Rf7+ 38. Kg1 Nd7 39. Qb4 Re7 40. Qg4
Rd8 41. Rf1 {Black resigns} 1-0

[Event "Team 45 45 League T53"]
[Site "Internet Chess Club"]
[Date "2012.05.25"]
[Round "2"]
[White "sounix"]
[Black "searchforbobby1"]
[Result "1-0"]
[WhiteElo "1949"]
[BlackElo "2147"]
[Opening "French: MacCutcheon, Lasker variation, 8...g6"]
[ECO "C12"]
[Time "23:01:19"]
[TimeControl "2700+45"]

1. e4 e6 2. d4 d5 3. Nc3 Nf6 4. Bg5 Bb4 5. e5 h6 6. Bd2 Bxc3 7. bxc3 Ne4 8. Qg4
g6 9. Bd3 Nxd2 10. Kxd2 c5 11. Nf3 Qc7 12. h4 cxd4 13. cxd4 Nc6 14. Qf4 f5 15.
g4 Ne7 16. gxf5 gxf5 17. Rhg1 Rh7 18. h5 Bd7 19. Nh4 O-O-O 20. Ng6 Nc6 21. c3
Kb8 22. Nh4 Rc8 23. Rac1 Qa5 24. Nxf5 Rf8 25. Rg6 Rhf7 26. Rf6 Ka8 27. Nd6 Qxa2+
28. Rc2 Rxf6 29. exf6 Qa3 30. Nb5 Qa5 31. Nc7+ Kb8 32. Nxe6+ {Black resigns} 1-0

[Event "Team 45 45 League T53"]
[Site "Internet Chess Club"]
[Date "2012.05.28"]
[Round "2"]
[White "Burning-Bush"]
[Black "Logos1"]
[Result "1-0"]
[WhiteElo "2037"]
[BlackElo "2003"]
[Opening "Queen's pawn game"]
[ECO "E00"]
[Time "17:26:39"]
[TimeControl "2700+45"]

1. d4 Nf6 2. c4 e6 3. a3 d5 4. Bg5 Be7 5. Nc3 O-O 6. e3 b6 7. Nf3 Bb7 8. cxd5
Nxd5 9. Bxe7 Qxe7 10. Rc1 c6 11. Bd3 Nd7 12. O-O Nxc3 13. Rxc3 c5 14. Bb5 Rfd8
15. Qe2 Rac8 16. Ba6 Nf6 17. Bxb7 Qxb7 18. dxc5 Ne4 19. Rc4 Rxc5 20. Rb4 a5 21.
Rd4 Rxd4 22. Nxd4 e5 23. Nf3 Qc7 24. h3 f5 25. b4 Rc2 26. Qb5 h6 27. Qe8+ Kh7
28. Nxe5 axb4 29. Qg6+ Kg8 30. Qe6+ Kh8 31. Nf7+ Kh7 32. Qxf5+ Kg8 33. axb4 Qxf7
34. Qxe4 Rc4 35. Qa8+ Kh7 36. Qa3 b5 37. Qd3+ Kg8 38. Ra1 Qb7 39. Qd6 Rc6 40.
Qd5+ Kh7 41. Rd1 Qa6 42. h4 Qa4 43. Qe4+ Rg6 44. Rd6 Qa1+ 45. Kh2 {Black
resigns} 1-0

[Event "Team 45 45 League T53"]
[Site "Internet Chess Club"]
[Date "2012.05.29"]
[Round "2"]
[White "M-Ezat"]
[Black "Morovon23"]
[Result "0-1"]
[WhiteElo "2261"]
[BlackElo "2362"]
[Opening "Queen's pawn game, Rubinstein (Colle-Zukertort) variation"]
[ECO "D05"]
[Time "16:00:11"]
[TimeControl "2700+45"]

1. d4 d5 2. Nf3 Nf6 3. e3 e6 4. Bd3 c5 5. b3 Nc6 6. O-O Bd6 7. Bb2 O-O 8. Nbd2
Qe7 9. Ne5 cxd4 10. exd4 Ba3 11. Bxa3 Qxa3 12. c3 Nxe5 13. dxe5 Nd7 14. Nf3 b6
15. Re1 Qe7 16. Bc2 Ba6 17. Qd4 Rac8 18. Re3 Rfd8 19. Qg4 g6 20. h4 h5 21. Qf4
Rc7 22. g4 d4 23. Qxd4 Nf8 24. Qf4 Rdc8 25. c4 hxg4 26. Qxg4 b5 27. h5 bxc4 28.
hxg6 fxg6 29. Ng5 cxb3 30. Bxb3 Rc1+ 31. Rxc1 Rxc1+ 32. Kh2 Bc8 33. Rh3 Bb7 34.
f3 Bd5 35. Qf4 Rb1 36. Bxd5 exd5 37. Nf7 Rb2+ 38. Kg3 Kg7 39. e6 Re2 40. Rh8
Rxe6 41. Ng5 Kxh8 42. Nxe6 Nxe6 43. Qe5+ Kh7 44. f4 Qf7 45. Kg2 Nxf4+ 46. Kh1
Qf5 {White resigns} 0-1

[Event "Team 45 45 League T53"]
[Site "Internet Chess Club"]
[Date "2012.05.27"]
[Round "2"]
[White "MikeA"]
[Black "M-Abotreka"]
[Result "1-0"]
[WhiteElo "2255"]
[BlackElo "2092"]
[Opening "Caro-Kann: exchange variation"]
[ECO "B13"]
[Time "14:17:03"]
[TimeControl "2700+45"]

1. e4 c6 2. d4 d5 3. exd5 cxd5 4. Bd3 Nc6 5. c3 Nf6 6. Nf3 g6 7. O-O Bg7 8. Re1
O-O 9. Nbd2 Bf5 10. Bxf5 gxf5 11. Nb3 Kh8 12. Ne5 e6 13. Nxc6 bxc6 14. Nc5 Rg8
15. Bf4 Qe7 16. Bg5 Qc7 17. Nd3 Ne4 18. Bf4 Qe7 19. Rc1 Qh4 20. g3 Qh3 21. f3
Nf6 22. Qa4 Bh6 23. Be5 Rg6 24. Rc2 f4 25. Nxf4 Bxf4 26. Bxf4 Nh5 27. Bd6 Nxg3
28. Rg2 Nf5 29. Rxg6 hxg6 30. Qxc6 Nh4 31. Qxa8+ Kh7 32. Re2 Qxf3 33. Qd8 Qg4+
34. Bg3 Nf5 35. Rf2 Nxg3 36. Rxf7+ Kh6 37. Qf8+ Kh5 38. Rh7+ Kg5 39. h4+ {Black
resigns} 1-0

[Event "Team 45 45 League T53"]
[Site "Internet Chess Club"]
[Date "2012.05.23"]
[Round "2"]
[White "egyptiantiger"]
[Black "StephenHawking"]
[Result "0-1"]
[WhiteElo "2108"]
[BlackElo "2123"]
[Opening "Queen's Indian: old main line, 7.Nc3"]
[ECO "E18"]
[Time "08:03:50"]
[TimeControl "2700+45"]

1. d4 Nf6 2. c4 e6 3. Nf3 b6 4. g3 Bb7 5. Bg2 Be7 6. O-O O-O 7. Nc3 d5 8. Ne5
Na6 9. Qa4 Qe8 10. Qxe8 Rfxe8 11. Bg5 Ne4 12. Bxe7 Rxe7 13. Rac1 f6 14. Nd3 Nd2
15. cxd5 Nxf1 16. Kxf1 g5 17. e4 exd5 18. e5 Rd8 19. f4 gxf4 20. gxf4 c5 21. Nb5
Nc7 22. exf6 Rf7 23. Nxc7 Rxc7 24. Ne5 Bc8 25. Rc3 Be6 26. Rg3+ Kf8 27. h4 Rd6
28. Rg5 Bf7 29. Rf5 Bg6 30. Nxg6+ hxg6 31. Re5 Rxf6 32. dxc5 Rxf4+ 33. Kg1 Rxc5
34. h5 Rc1+ 35. Kh2 Rh4+ 36. Kg3 Rxh5 37. Re6 Rg5+ 38. Kh3 Kf7 39. Rd6 Rc8 40.
Bxd5+ Ke7 41. Re6+ Kd7 {White resigns} 0-1

[Event "Team 45 45 League T53"]
[Site "Internet Chess Club"]
[Date "2012.05.28"]
[Round "2"]
[White "perikitosax"]
[Black "AmrSobh"]
[Result "0-1"]
[WhiteElo "1949"]
[BlackElo "2200"]
[Opening "QGD: Cambridge Springs defense, Yugoslav variation"]
[ECO "D52"]
[Time "16:13:03"]
[TimeControl "2700+45"]

1. d4 d5 2. Nf3 Nf6 3. c4 c6 4. Nc3 e6 5. Bg5 Nbd7 6. e3 Qa5 7. cxd5 Nxd5 8. Qd2
Bb4 9. Rc1 N7f6 10. Bd3 h6 11. Bh4 c5 12. O-O cxd4 13. exd4 O-O 14. a3 Bxc3 15.
bxc3 b5 16. Bxf6 Nxf6 17. c4 Qxd2 18. Nxd2 bxc4 19. Bxc4 Rd8 20. Nb3 Bb7 21. Na5
Rab8 22. Rfd1 Ba8 23. Bf1 Rd5 24. Nc6 Bxc6 25. Rxc6 Ra5 26. Ra6 Rxa6 27. Bxa6
Rd8 28. Bb7 Rd7 29. Ba8 Rd6 30. f3 Nd7 31. Kf2 Nb6 32. Bb7 Nc4 33. d5 Nxa3 34.
Ra1 Nb5 35. dxe6 Rxe6 36. Bd5 Re7 37. Rc1 g5 38. Be4 Kg7 39. Rc5 Nd4 40. Ke3 Ne6
41. Ra5 Rc7 42. g3 Nc5 43. Bf5 Re7+ 44. Kf2 Re5 {White resigns} 0-1

[Event "Team 45 45 League T53"]
[Site "Internet Chess Club"]
[Date "2012.05.28"]
[Round "2"]
[White "sibirica"]
[Black "AugustoCaruso"]
[Result "0-1"]
[WhiteElo "2354"]
[BlackElo "2218"]
[Opening "French: Winawer, advance, Bogolyubov variation"]
[ECO "C17"]
[Time "13:00:54"]
[TimeControl "2700+45"]

1. e4 e6 2. d4 d5 3. Nc3 Bb4 4. e5 c5 5. Bd2 Ne7 6. Nb5 Bxd2+ 7. Qxd2 O-O 8. f4
Bd7 9. Nd6 cxd4 10. Nf3 Nbc6 11. Bd3 Qb6 12. O-O f5 13. Qf2 Nc8 14. Nxc8 Raxc8
15. Kh1 Rc7 16. Qh4 Nb4 17. Rf2 Nxd3 18. cxd3 h6 19. Rg1 Bb5 20. Rd2 Qa6 21.
Nxd4 Bxd3 22. Nxe6 Qxe6 23. Rxd3 Rc2 24. Rb3 b6 25. h3 Rfc8 26. Rd1 Kh7 27. Qg3
R8c5 28. Rd4 Re2 29. Qf3 Rcc2 30. Qxd5 Qg6 31. Rc4 Rxg2 32. Rxc2 Rxc2 33. Rd3
Re2 34. h4 Re1+ 35. Kh2 Qg1+ 36. Kh3 Qg4+ 37. Kh2 Re2+ 38. Kh1 Qxh4+ {White
resigns} 0-1

[Event "Team 45 45 League T53"]
[Site "Internet Chess Club"]
[Date "2012.05.27"]
[Round "2"]
[White "QueensCounselor"]
[Black "qlwqznzn"]
[Result "0-1"]
[WhiteElo "2074"]
[BlackElo "2387"]
[Opening "King's Indian defense, 3.Nc3"]
[ECO "E61"]
[Time "08:00:50"]
[TimeControl "2700+45"]

1. d4 Nf6 2. c4 g6 3. Nc3 Bg7 4. Nf3 O-O 5. e3 d6 6. Be2 Nbd7 7. O-O e5 8. dxe5
dxe5 9. Qc2 c6 10. b3 Qa5 11. Bb2 Re8 12. e4 Nc5 13. a3 Ne6 14. Rad1 Nh5 15. b4
Qc7 16. Bd3 Nhf4 17. Ne2 Nxe2+ 18. Bxe2 Nf4 19. c5 Bg4 20. h3 Bh5 21. Bc1 Bxf3
22. Bxf3 Ne6 23. Bb2 a5 24. Bc3 axb4 25. axb4 h5 26. Be2 b5 27. cxb6 Qxb6 28.
Bc4 Nd4 29. Bxd4 exd4 30. Qb3 Ra7 31. Ra1 Rxe4 32. Bxf7+ Rxf7 {White resigns}
0-1

[Event "Team 45 45 League T53"]
[Site "Internet Chess Club"]
[Date "2012.06.03"]
[Round "2"]
[White "michaelq2d5"]
[Black "dinin"]
[Result "1-0"]
[WhiteElo "2129"]
[BlackElo "1865"]
[Opening "QGD semi-Slav: 5.e3"]
[ECO "D45"]
[Time "10:00:35"]
[TimeControl "2700+45"]

1. d4 d5 2. c4 e6 3. Nc3 c6 4. e3 Nf6 5. Nf3 Bd6 6. Qc2 O-O 7. Bd3 Nbd7 8. cxd5
exd5 9. g4 Nxg4 10. Bxh7+ Kh8 11. Rg1 Qf6 12. Rxg4 Qxf3 13. Rh4 Qf6 14. Rh3 g5
15. Bg8+ {Black resigns} 1-0

[Event "Team 45 45 League T53"]
[Site "Internet Chess Club"]
[Date "2012.05.26"]
[Round "2"]
[White "fledermaus"]
[Black "Pason"]
[Result "1/2-1/2"]
[WhiteElo "1929"]
[BlackElo "2027"]
[Opening "Réti opening"]
[ECO "A30"]
[Time "09:01:34"]
[TimeControl "2700+45"]

1. Nf3 c5 2. c4 Nf6 3. g3 g6 4. Bg2 Bg7 5. d4 cxd4 6. Nxd4 O-O 7. O-O Nc6 8. Nc3
a6 9. Rb1 Nxd4 10. Qxd4 d6 11. Qd3 Rb8 12. Bd2 Bf5 13. e4 Be6 14. b3 Qc8 15. Nd5
Re8 16. Rbc1 Ng4 17. Bc3 Ne5 18. Qd2 Bh3 19. f4 Bxg2 20. Kxg2 Nc6 21. Bxg7 Kxg7
22. Rfe1 Qd8 23. Rcd1 Kg8 24. Re2 Qc8 {Game drawn by mutual agreement} 1/2-1/2

[Event "Team 45 45 League T53"]
[Site "Internet Chess Club"]
[Date "2012.05.25"]
[Round "2"]
[White "mellizas2003"]
[Black "quotha"]
[Result "1-0"]
[WhiteElo "1647"]
[BlackElo "1633"]
[Opening "Philidor: exchange variation"]
[ECO "C41"]
[Time "14:00:44"]
[TimeControl "2700+45"]

1. e4 e5 2. Nf3 d6 3. d4 exd4 4. Nxd4 Nf6 5. Nc3 a6 6. Bc4 b5 7. Bd5 Nxd5 8.
exd5 Be7 9. O-O O-O 10. Be3 Bb7 11. Qg4 Bf6 12. Rad1 Nd7 13. f4 b4 14. Ne4 Bxd5
15. Ng5 Bxg5 16. fxg5 Ne5 17. Qg3 Be4 18. Rde1 Bg6 19. Bf4 Qd7 20. Bxe5 dxe5 21.
Qxe5 Rfe8 22. Qc5 Rad8 23. Qxb4 Qg4 24. Nc6 Be4 25. g3 a5 26. Qc4 {Black
resigns} 1-0

[Event "Team 45 45 League T53"]
[Site "Internet Chess Club"]
[Date "2012.05.24"]
[Round "2"]
[White "Warpdrive"]
[Black "rookmaster23"]
[Result "0-1"]
[WhiteElo "1598"]
[BlackElo "1613"]
[Opening "Sicilian: Najdorf, Opocensky variation"]
[ECO "B92"]
[Time "22:00:32"]
[TimeControl "2700+45"]

1. e4 c5 2. Nf3 d6 3. d4 cxd4 4. Nxd4 Nf6 5. Nc3 a6 6. Be2 e5 7. Nb3 Be7 8. Be3
Be6 9. Qd2 b5 10. f3 Nbd7 11. a3 Nb6 12. O-O O-O 13. Nc1 Rc8 14. f4 Nc4 15. Bxc4
Rxc4 16. Qd3 Qa8 17. b3 Rc7 18. f5 Bd7 19. N1e2 Bc6 20. Ng3 Rfc8 21. Bb6 Rb7 22.
Ba5 Qa7+ 23. Kh1 Ng4 24. Nd1 Bd8 25. Bxd8 Rxd8 26. h3 Nf6 27. Re1 d5 28. Nc3
Rbd7 29. Qe2 Qd4 30. Qd3 dxe4 31. Qe3 Qxe3 32. Rxe3 Rd2 33. Rc1 Rf2 34. Rd1
Rxd1+ 35. Nxd1 Rxc2 36. Nc3 Rc1+ 37. Kh2 Ra1 38. Ncxe4 Nxe4 39. Nxe4 Rxa3 40.
Nd2 Ra2 41. Re2 e4 {White resigns} 0-1

[Event "Team 45 45 League T53"]
[Site "Internet Chess Club"]
[Date "2012.05.26"]
[Round "2"]
[White "dschesq"]
[Black "flacoarebalo"]
[Result "1-0"]
[WhiteElo "1607"]
[BlackElo "1374"]
[Opening "King's Indian: fianchetto with ...Nd7"]
[ECO "E67"]
[Time "10:32:05"]
[TimeControl "2700+45"]

1. Nf3 Nf6 2. c4 g6 3. Nc3 Bg7 4. g3 O-O 5. Bg2 d6 6. d4 Nbd7 7. O-O c5 8. d5
Re8 9. a4 a6 10. h3 Nb6 11. Nd2 e6 12. a5 Nbd7 13. Re1 exd5 14. cxd5 Ne5 15. Kh2
Bd7 16. f4 Neg4+ 17. hxg4 Bxg4 18. Nf3 Nh5 19. Qb3 Re7 20. Bd2 Qd7 21. e4 Rae8
22. Ra4 f5 23. Ng5 fxe4 24. Ngxe4 Bd4 25. Raa1 Rf7 26. Ng5 Rxe1 27. Rxe1 Bf2 28.
Nxf7 Bxg3+ 29. Kg1 Qxf7 30. Rf1 Qf6 31. Ne4 Qh4 32. Nxg3 Qxg3 33. Qxg3 Nxg3 34.
Re1 Kf7 35. Kf2 Nf5 36. Bc3 Ne7 37. Kg3 Bf5 38. b4 c4 39. Kf2 Nc8 40. Ke3 b6 41.
Be4 Bxe4 42. Kxe4 b5 43. Rh1 h5 44. f5 Ne7 45. fxg6+ Kxg6 46. Rg1+ Kh6 47. Bf6
Ng6 48. Kf5 {Black resigns} 1-0

[Event "Team 45 45 League T53"]
[Site "Internet Chess Club"]
[Date "2012.05.24"]
[Round "2"]
[White "Buford-Julep"]
[Black "Portola"]
[Result "0-1"]
[WhiteElo "1665"]
[BlackElo "1784"]
[Opening "French: Rubinstein variation"]
[ECO "C10"]
[Time "09:00:37"]
[TimeControl "2700+45"]

1. e4 e6 2. d4 d5 3. Nc3 dxe4 4. Nxe4 Be7 5. Nf3 Nf6 6. Bd3 Nxe4 7. Bxe4 Nd7 8.
Qe2 O-O 9. h4 Nf6 10. Bd3 c5 11. Bg5 cxd4 12. O-O-O Qa5 13. Kb1 Re8 14. Nxd4 Nd5
15. Nb3 Qc7 16. g3 Bd7 17. Nd4 Qb6 18. Nb3 Bc6 19. Be4 Nf6 20. Bxc6 bxc6 21. Rd2
Nd5 22. Bxe7 Rxe7 23. Rhd1 Ree8 24. Qc4 Rab8 25. Qc5 Qb7 26. c4 Nf6 27. f3 Qb6
28. g4 e5 29. g5 Nh5 30. Rd6 Rbc8 31. Na5 Qxc5 {White resigns} 0-1

[Event "Team 45 45 League T53"]
[Site "Internet Chess Club"]
[Date "2012.06.03"]
[Round "2"]
[White "rubo"]
[Black "pauliewoll"]
[Result "1-0"]
[WhiteElo "1741"]
[BlackElo "1597"]
[Opening "Bird's opening: Lasker variation"]
[ECO "A03"]
[Time "15:30:26"]
[TimeControl "2700+45"]

1. f4 d5 2. Nf3 Nf6 3. e3 c5 4. b3 Nc6 5. Bb5 e6 6. Bb2 Be7 7. O-O O-O 8. Bxc6
bxc6 9. Ne5 Bb7 10. d3 d4 11. exd4 cxd4 12. Rf3 c5 13. Rg3 Nd5 14. Qg4 g6 15.
Nc4 Nf6 16. Qh3 Qc7 17. Qh6 Rfd8 18. Nbd2 Rd5 19. Ne5 Rxe5 20. fxe5 Qxe5 21. Rf1
Bf8 22. Qh4 Nh5 23. Nc4 Qd5 24. Rg5 Be7 25. Rxd5 Bxh4 26. Rd7 {Black resigns}
1-0

[Event "Team 45 45 League T53"]
[Site "Internet Chess Club"]
[Date "2012.05.27"]
[Round "2"]
[White "losscause"]
[Black "g8wrb"]
[Result "1/2-1/2"]
[WhiteElo "1628"]
[BlackElo "1425"]
[Opening "Queen's pawn: Yusupov-Rubinstein system"]
[ECO "A46"]
[Time "12:03:29"]
[TimeControl "2700+45"]

1. d4 Nf6 2. Nf3 e6 3. e3 b6 4. Bd3 Ba6 5. O-O d5 6. b3 Bd6 7. Bb2 O-O 8. Qe2
Bxd3 9. Qxd3 h6 10. Nbd2 c5 11. c4 Nc6 12. Ne5 Qc7 13. f4 Rac8 14. Rac1 Qb7 15.
a3 a6 16. dxc5 bxc5 17. cxd5 exd5 18. Nxc6 Qxc6 19. Bxf6 gxf6 20. Rfd1 Rcd8 21.
Qc3 Be7 22. Nf3 Qe6 23. Re1 Kh8 24. Nh4 Rg8 25. Kh1 Qg4 26. g3 Rg7 27. Qd3 Bf8
28. Qxa6 Be7 29. Qd3 c4 30. bxc4 dxc4 31. Qxc4 f5 32. Ng2 Qh3 33. Qf1 Rxg3 34.
Re2 Bxa3 35. Rc7 Rf3 36. Qa1+ Kg8 37. Qe1 Bb4 38. Qb1 Bd6 39. Rc4 Rb8 40. Qc1
Ba3 41. Rc8+ Rxc8 42. Qxc8+ Kg7 43. Qc3+ Kg8 44. Kg1 Bf8 45. Rf2 Qh5 46. Rxf3
Qxf3 47. Qd2 Qe4 48. Qe1 Qf3 49. Qd2 {Game drawn by mutual agreement} 1/2-1/2

[Event "Team 45 45 League T53"]
[Site "Internet Chess Club"]
[Date "2012.05.27"]
[Round "2"]
[White "AtomicDog"]
[Black "SirIvanhoe"]
[Result "1/2-1/2"]
[WhiteElo "1387"]
[BlackElo "1493"]
[Opening "Caro-Kann: advance variation"]
[ECO "B12"]
[Time "13:00:29"]
[TimeControl "2700+45"]

1. e4 c6 2. d4 d5 3. e5 Bf5 4. Nf3 e6 5. Be2 c5 6. Be3 cxd4 7. Nxd4 Bg6 8. Nd2
Ne7 9. N2f3 Nf5 10. Bb5+ Nd7 11. Bf4 a6 12. Be2 Rc8 13. O-O Bc5 14. c3 Qb6 15.
Qd2 O-O 16. Nxf5 Bxf5 17. Nd4 Bxd4 18. Qxd4 Qxd4 19. cxd4 Rc2 20. Bf3 Rfc8 21.
Rac1 Kf8 22. Rxc2 Rxc2 23. Rc1 Nb8 24. Rxc2 Bxc2 25. Be3 Bd3 26. Bd1 Nd7 27. g4
f6 28. f4 Nb6 29. b3 Nd7 30. Kf2 b5 31. Kg3 Kf7 32. h4 g6 33. h5 f5 34. g5 Nb8
35. Kh4 Nc6 36. hxg6+ hxg6 37. a3 {Game drawn by mutual agreement} 1/2-1/2

[Event "Team 45 45 League T53"]
[Site "Internet Chess Club"]
[Date "2012.05.27"]
[Round "2"]
[White "LittleButton"]
[Black "amicusUK"]
[Result "1-0"]
[WhiteElo "1668"]
[BlackElo "1610"]
[Opening "French: advance, Paulsen attack"]
[ECO "C02"]
[Time "14:00:12"]
[TimeControl "2700+45"]

1. e4 e6 2. d4 d5 3. e5 c5 4. c3 Nc6 5. Nf3 Nge7 6. Bd3 Qb6 7. O-O cxd4 8. cxd4
Bd7 9. Nc3 Nxd4 10. Nxd4 Qxd4 11. Nb5 Qxe5 12. Re1 Qb8 13. Qf3 a6 14. Bf4 Qxf4
15. Qxf4 Bxb5 16. Bxb5+ axb5 17. a3 Nc6 18. Qg3 Nd4 19. Rac1 Nf5 20. Qd3 Be7 21.
Qxb5+ Kd8 22. Qxb7 {Black resigns} 1-0

[Event "Team 45 45 League T53"]
[Site "Internet Chess Club"]
[Date "2012.05.27"]
[Round "2"]
[White "jotap"]
[Black "Skeptic1972"]
[Result "1/2-1/2"]
[WhiteElo "1656"]
[BlackElo "1603"]
[Opening "French: Tarrasch, open variation"]
[ECO "C07"]
[Time "07:00:05"]
[TimeControl "2700+45"]

1. e4 e6 2. d4 d5 3. Nd2 c5 4. Bb5+ Bd7 5. Bxd7+ Qxd7 6. c3 cxd4 7. cxd4 dxe4 8.
Nxe4 Nc6 9. Nf3 Rd8 10. Be3 Bb4+ 11. Ke2 Nge7 12. a3 Ba5 13. Nc5 Qc7 14. b4 Bb6
15. Qc2 Nf5 16. Rhd1 Nxe3 17. fxe3 Bxc5 18. bxc5 O-O 19. Qe4 h6 20. g4 Rfe8 21.
Rac1 Qe7 22. Rc3 a6 23. Rg1 f5 24. gxf5 exf5 25. Qxf5 Nxd4+ 26. Nxd4 Rxd4 27.
Rg3 Re4 28. Qd5+ Kh7 29. Qf5+ Kh8 30. Rf3 Qe5 31. Qxe5 R4xe5 32. Rf7 Rc8 33. Rb3
Rexc5 34. Rbxb7 Rc2+ 35. Kf3 Rg8 36. Ra7 Rxh2 37. Rxa6 Ra2 38. e4 Rb8 39. Kg4
Rg2+ 40. Kf5 Rb5+ 41. e5 Rg5+ 42. Kf4 Rgxe5 43. Ra8+ Kh7 44. Raa7 Rg5 45. Ra8
Ra5 46. Rff8 Rxa8 47. Rxa8 Kg6 48. a4 Kf7 49. a5 Ke7 50. a6 Ra5 51. a7 Kf7 52.
Kg4 Kg6 53. Kh4 Ra4+ 54. Kg3 Kh7 55. Kh3 g5 56. Kg3 h5 57. Kh3 Ra3+ 58. Kh2 h4
59. Kg2 g4 60. Kh2 Ra2+ 61. Kg1 h3 62. Re8 Rxa7 63. Re4 Rg7 64. Kh2 Kh6 65. Kg3
Kh5 66. Re5+ Rg5 67. Re8 Kg6 68. Rf8 Kg7 69. Rf4 Rg6 70. Ra4 Kf6 71. Ra5 Rg8 72.
Rh5 Rg5 73. Rh8 Rg7 74. Rc8 Rh7 75. Rf8+ Kg7 76. Rf2 Kg6 77. Rh2 Kf5 78. Rf2+
Ke4 79. Rh2 Ke3 {Game drawn by mutual agreement} 1/2-1/2

[Event "Team 45 45 League T53"]
[Site "Internet Chess Club"]
[Date "2012.05.25"]
[Round "2"]
[White "jfiquett"]
[Black "alonzob"]
[Result "1-0"]
[WhiteElo "1650"]
[BlackElo "1484"]
[Opening "King's Indian: 5.Nf3"]
[ECO "E90"]
[Time "17:55:00"]
[TimeControl "2700+45"]

1. d4 d6 2. c4 Nf6 3. Nc3 g6 4. e4 Bg7 5. Nf3 Bg4 6. Be2 Bxf3 7. Bxf3 c6 8. O-O
O-O 9. Re1 Re8 10. Bf4 Nbd7 11. e5 dxe5 12. dxe5 Nh5 13. Bxh5 gxh5 14. Qxh5 Nc5
15. Rad1 Qc7 16. Re3 Ne6 17. Bh6 Red8 18. Rxd8+ Rxd8 19. Rg3 Qa5 20. Bxg7 Nxg7
21. h3 Kh8 22. Qg5 Rg8 23. Qxe7 Re8 24. Qxf7 Qxe5 25. Rxg7 {Black resigns} 1-0

[Event "Team 45 45 League T53"]
[Site "Internet Chess Club"]
[Date "2012.05.24"]
[Round "2"]
[White "badmove"]
[Black "AVEMARIA"]
[Result "1-0"]
[WhiteElo "1771"]
[BlackElo "1651"]
[Opening "QGD Slav defense: exchange variation"]
[ECO "D10"]
[Time "17:00:58"]
[TimeControl "2700+45"]

1. d4 d5 2. c4 c6 3. cxd5 cxd5 4. Bf4 Qb6 5. Qc2 Nc6 6. e3 Nf6 7. Nc3 Bd7 8. Nf3
Rc8 9. Be2 e6 10. O-O Be7 11. a3 O-O 12. Rac1 Rfd8 13. Na4 Qa5 14. Nc5 Nxd4 15.
exd4 Ne4 16. Qd1 Bxc5 17. dxc5 Rxc5 18. Rxc5 Qxc5 19. Qc1 f6 20. Qxc5 Nxc5 21.
Rc1 Rc8 22. b4 Ne4 23. Rxc8+ Bxc8 24. Bb8 Nc3 25. Bd3 a6 26. Kf1 e5 27. Nd2 e4
28. Bc2 Nb5 29. a4 Nd4 30. Bd1 Kf7 31. Nb3 Nxb3 32. Bxb3 Ke6 33. Ke2 b5 34. Ke3
f5 35. Kd4 Bb7 36. axb5 axb5 37. Kc5 g5 38. Kxb5 f4 39. Kc5 h5 40. h4 Kf5 41.
Kd4 gxh4 42. Ba4 Bc8 43. Bc2 Ba6 44. Kxd5 Bd3 45. Ba4 e3 46. Bd7+ Kg5 47. fxe3
fxe3 48. Be5 e2 49. Bc3 Kf4 50. Be1 Ke3 51. Kc5 Be4 52. Bh3 Kd3 53. b5 Kc2 54.
b6 Kd1 55. Bxh4 e1=Q 56. Bxe1 Kxe1 57. Kd6 Kf2 58. Kc7 h4 59. b7 Bxb7 60. Kxb7
Ke3 61. Kc6 Kd4 62. Kd6 Ke3 63. Ke5 Ke2 64. Kf4 Kf2 65. Kg4 Ke3 66. Kxh4 Kf4 67.
g3+ Ke5 68. Kh5 Kf6 69. Kh6 {Black resigns} 1-0

[Event "Team 45 45 League T53"]
[Site "Internet Chess Club"]
[Date "2012.05.27"]
[Round "2"]
[White "tightfist"]
[Black "ILRE"]
[Result "1/2-1/2"]
[WhiteElo "1613"]
[BlackElo "1622"]
[Opening "English: Carls' Bremen system"]
[ECO "A22"]
[Time "20:05:03"]
[TimeControl "2700+45"]

1. c4 Nf6 2. Nc3 e5 3. g3 Nc6 4. Bg2 Bc5 5. e3 O-O 6. Nge2 Re8 7. d3 a6 8. O-O
d6 9. a3 Rb8 10. b4 Ba7 11. Bb2 Bg4 12. Qd2 Qd7 13. Rad1 Bh3 14. d4 Bxg2 15.
Kxg2 Qf5 16. d5 Ne7 17. f3 Ng6 18. e4 Qd7 19. a4 h6 20. b5 axb5 21. Nxb5 Bb6 22.
Bc3 Ra8 23. a5 Bc5 24. Bb4 Bxb4 25. Qxb4 Red8 26. Ra1 Ra6 27. Nec3 c5 28. Qb3
Qe7 29. Ra2 h5 30. Rb1 h4 31. Ra4 Nh5 32. g4 h3+ 33. Kf2 Qh4+ 34. Ke3 Nhf4 35.
Ne2 Nxe2 36. Kxe2 Nf4+ 37. Kf1 Qg5 38. Nc7 Ng2 39. Nxa6 bxa6 40. Ra2 Qf4 41.
Rxg2 hxg2+ 42. Kxg2 Qd2+ 43. Kg3 Qf4+ 44. Kg2 Qd2+ 45. Kg1 Qxa5 46. Qb6 Qxb6 47.
Rxb6 a5 {Game drawn by mutual agreement} 1/2-1/2

[Event "Team 45 45 League T53"]
[Site "Internet Chess Club"]
[Date "2012.05.29"]
[Round "2"]
[White "Helaman"]
[Black "lookatall65sqas"]
[Result "1/2-1/2"]
[WhiteElo "1587"]
[BlackElo "1588"]
[Opening "Ruy Lopez: Berlin defense, open variation"]
[ECO "C67"]
[Time "20:06:39"]
[TimeControl "2700+45"]

1. e4 e5 2. Nf3 Nc6 3. Bb5 Nf6 4. O-O Nxe4 5. d4 Nd6 6. Bxc6 dxc6 7. dxe5 Nf5 8.
Qxd8+ Kxd8 9. Nc3 Ke8 10. h3 b6 11. Rd1 Be7 12. Bg5 Bb7 13. Bxe7 Kxe7 14. g4 Nh6
15. Ne1 Rhd8 16. f4 c5 17. Nd3 {Game drawn by mutual agreement} 1/2-1/2

[Event "Team 45 45 League T53"]
[Site "Internet Chess Club"]
[Date "2012.05.24"]
[Round "2"]
[White "Kingpatzer"]
[Black "BrandonBee"]
[Result "1-0"]
[WhiteElo "1306"]
[BlackElo "1566"]
[Opening "Sicilian: Kan, 5.Nc3"]
[ECO "B43"]
[Time "10:56:08"]
[TimeControl "2700+45"]

1. e4 c5 2. Nf3 e6 3. d4 cxd4 4. Nxd4 a6 5. Nc3 b5 6. g4 Bb7 7. a3 Qb6 8. Nb3
Nc6 9. f4 Be7 10. h4 d6 11. f5 Nf6 12. g5 Nd7 13. fxe6 fxe6 14. Bh3 Nf8 15. Qh5+
g6 16. Qg4 Ne5 17. Qg3 Nc4 18. Qf2 Qxf2+ 19. Kxf2 d5 20. exd5 exd5 21. Re1 Nd7
22. Bf4 Rf8 23. Kg3 Kd8 24. Nd4 Nde5 25. Bxe5 Nxe5 26. Rxe5 Bd6 27. Ne6+ Ke7 28.
Re1 Rf7 29. Nf4+ Kf8 30. Be6 Bxe5 31. Rxe5 Re7 32. Nfxd5 Bxd5 33. Nxd5 Rb7 34.
Nf4 Re8 35. Bd5 Rxe5 36. Bxb7 a5 37. Bd5 Re1 38. Bc6 b4 39. axb4 axb4 40. Nd3
Re3+ 41. Kf2 Rh3 42. Nf4 Rh2+ 43. Bg2 Rxh4 44. Kg3 Rxf4 45. Kxf4 Kg7 46. Ke5 h6
47. gxh6+ Kxh6 48. Be4 g5 49. c4 bxc3 50. bxc3 g4 51. c4 Kg7 52. c5 Kf7 53. Kd6
Ke8 54. Kc7 Ke7 55. c6 g3 56. Kb8 Kd8 57. c7+ {Black resigns} 1-0